 Dungeon Crawl Stone Soup version 0.31-a0-196-g86fe4a5e66 (webtiles) character file.

Game seed: 1512744699741945472

113 qw the Skirmisher (level 4, -1/25 HPs)
             Began as a Deep Elf Hunter on June 24, 2023.
             Slain by a hobgoblin (4 damage)
             ... on level 4 of the Dungeon.
             The game lasted 00:00:48 (2844 turns).

qw the Skirmisher (Deep Elf Hunter)                 Turns: 2844, Time: 00:00:49

Health: -1/25      AC:  6    Str: 10    XL:     4   Next: 65%
Magic:  6/6        EV:  9    Int: 14    God:
Gold:   77         SH:  0    Dex: 18    Spells: 3/3 levels left

rFire   . . .        Y - +1 shortbow
rCold   . . .        (shield currently unavailable)
rNeg    . . .        d - +0 scale mail
rPois   .            (no helmet)
rElec   .            (no cloak)
rCorr   +            (no gloves)
SInv    .            (no boots)
Will    .....        a - amulet of the acrobat
Stlth   +            l - ring of resist corrosion
HPRegen 0.24/turn    (no ring)
MPRegen 0.10/turn

%: acrobat
@: about to teleport
A: no striking features
a: no special abilities


You were on level 4 of the Dungeon.
You visited 1 branch of the dungeon, and saw 4 of its levels.

You collected 125 gold pieces.
You spent 48 gold pieces at shops.


   Skills:
 - Level 1.5 Fighting
 + Level 8.1 Ranged Weapons
 - Level 2.4 Dodging
 - Level 1.2 Stealth


You had 3 spell levels left.
You didn't know any spells.
Your spell library was empty.

Inventory:

Hand Weapons
 Y - a +1 shortbow (weapon)
Armour
 d - a +0 scale mail (worn)
Jewellery
 a - an amulet of the acrobat (around neck)
 l - a ring of resist corrosion (left hand)
Potions
 f - a potion of attraction {unknown}
 h - a potion of mutation {unknown}
 i - a potion of cancellation {unknown}
 j - a potion of enlightenment
 k - a potion of curing {unknown}

Dungeon Overview and Level Annotations

Branches:
Dungeon (4/15)
 Temple: D:4-7

Altars:
Qazlal
Zin

Shops:
D:3 [


Message History

The arrow hits the hobgoblin.
The hobgoblin is moderately wounded.
You shoot an arrow. The arrow completely misses the gnoll.
The arrow hits the hobgoblin but does no damage.
The hobgoblin is moderately wounded.
The gnoll misses you.
You shoot an arrow. The arrow closely misses the gnoll.
The arrow barely misses the hobgoblin.
The gnoll hits you from afar with a +0 spear.
The gnoll completely misses you.
You shoot an arrow.
The arrow hits the gnoll but does no damage.
The gnoll is moderately wounded.
The gnoll hits you from afar with a +0 spear!
The gnoll hits you with a +0 flail. The hobgoblin barely misses you.
The gnoll hits you from afar with a +0 spear.
The gnoll hits you but does no damage.
You shoot an arrow. The arrow barely misses the gnoll.
The hobgoblin closely misses you.
The gnoll hits you from afar with a +0 spear.
The gnoll hits you with a +0 flail.
You shoot an arrow. The arrow barely misses the gnoll.
The hobgoblin hits you.
The gnoll hits you from afar with a +0 spear.
The gnoll misses you.
2842 ||| READING scroll of teleportation.
As you read the scroll of teleportation, it crumbles to dust.
You feel strangely unstable. The hobgoblin barely misses you.
The gnoll barely misses you. The gnoll hits you but does no damage.
You shoot an arrow. The arrow barely misses the gnoll.
The hobgoblin misses you.
The gnoll hits you from afar with a +0 spear.
The gnoll completely misses you.
You shoot an arrow. The arrow hits the gnoll.
The gnoll is moderately wounded.
The hobgoblin barely misses you.
The gnoll hits you from afar with a +0 spear.
The gnoll barely misses you. The hobgoblin hits you.
You die...

#........## #.#
###...
#.....##..##
..# ##.. #..###
##..######.##
#.. #.#
##........# #.#
# ##.......# #.
##.......# .
#....##...
##....## .>
#.@....# .
#..ggg.....
.............#
#........)....#
#..#####......#
.... ......#
... ...... .#
......


You could see 2 gnolls and a hobgoblin.

Vanquished Creatures
  An iguana (D:4)
  2 adders
  A gnoll (D:4)
  A worm (D:3)
  2 dart slugs (D:1)
  4 ball pythons
  6 endoplasms
  4 giant cockroaches
  2 goblins (D:3)
  4 hobgoblins
  2 jackals (D:2)
  4 quokkas
  3 bats
  4 frilled lizards (D:2)
  4 kobolds
  9 rats
53 creatures vanquished.

Notes
Turn   | Place    | Note
-------+----------+-------------------------------------------
     0 | D:1      | qw the Deep Elf Hunter began the quest for the Orb.
     0 | D:1      | Reached XP level 1. HP: 12/12 MP: 3/3
     0 | D:1      | 0 ||| qw: Version: 0.3-a-9-g12657ce
     0 | D:1      | 0 ||| qw: Game counter: 4803
     0 | D:1      | 0 ||| qw: Always use a shield: true
     0 | D:1      | 0 ||| qw: God list: Okawaru
     0 | D:1      | 0 ||| qw: Allow faded altars: false
     0 | D:1      | 0 ||| qw: Do Orc after D:15 true
     0 | D:1      | 0 ||| qw: Do second Lair branch before Depths: true
     0 | D:1      | 0 ||| qw: Lair rune preference: random
     0 | D:1      | 0 ||| qw: Plans: Normal
     0 | D:1      | 0 ||| PLANNING D:1-11
    98 | D:1      | Reached XP level 2. HP: 16/16 MP: 4/4
   123 | D:1      | Reached skill level 6 in Ranged Weapons
   594 | D:1      | 594 ||| READING 2 scrolls labelled HEAHOS AJYCHAE.
   595 | D:1      | 595 ||| READING scroll labelled ESODAG IPHA.
   596 | D:1      | 596 ||| READING 2 scrolls labelled LUAMPO NICOYSS.
   597 | D:1      | 597 ||| READING scroll labelled VEASID VIEFEX.
   598 | D:1      | 598 ||| DROPPING scroll of blinking.
   599 | D:1      | 599 ||| DROPPING scroll of butterflies.
   600 | D:1      | 600 ||| DROPPING scroll of fear.
   687 | D:2      | Reached XP level 3. HP: 20/20 MP: 5/5
   762 | D:2      | Found a faded altar of an unknown god.
  1137 | D:2      | Reached skill level 7 in Ranged Weapons
  1668 | D:2      | 1668 ||| UPGRADING to amulet of the acrobat.
  1673 | D:2      | 1673 ||| UPGRADING to ring of resist corrosion.
  1674 | D:2      | 1674 ||| READING scroll labelled HESIKI CAVUSM.
  1675 | D:2      | 1675 ||| READING scroll labelled ESUEH OSKIZA.
  1676 | D:2      | 1676 ||| READING scroll labelled SAVAHAT INUNIHU.
  1677 | D:2      | 1677 ||| READING scroll labelled CELUORPH QUMY.
  1856 | D:3      | Noticed a water elemental
  1859 | D:3      | Found a stormy altar of Qazlal.
  1872 | D:3      | Noticed a fire elemental
  1878 | D:3      | Noticed an earth elemental
  1883 | D:3      | Noticed an air elemental
  1920 | D:3      | Reached XP level 4. HP: 25/25 MP: 6/6
  2021 | D:3      | Found a glowing silver altar of Zin.
  2245 | D:3      | Found Nizxer Ydei's Armour Shoppe.
  2260 | D:3      | 2260 ||| BUYING +0 scale mail (48 gold).
  2260 | D:3      | Bought a +0 scale mail for 48 gold pieces
  2260 | D:3      | 2260 ||| SHOPLISTING +1 helmet of see invisible (198 gold,
                  | have 61).
  2633 | D:3      | 2633 ||| UPGRADING to -2 ring mail.
  2643 | D:3      | 2643 ||| DROPPING +0 leather armour.
  2644 | D:3      | 2644 ||| UPGRADING to +0 scale mail.
  2654 | D:3      | 2654 ||| DROPPING -2 ring mail.
  2655 | D:3      | 2655 ||| DROPPING -2 ring mail.
  2656 | D:3      | 2656 ||| DROPPING -2 ring mail.
  2657 | D:3      | 2657 ||| DRINKING 2 blue potions.
  2835 | D:4      | Reached skill level 8 in Ranged Weapons
  2841 | D:4      | HP: 6/25 [hobgoblin (1)]
  2842 | D:4      | 2842 ||| READING scroll of teleportation.
  2844 | D:4      | Slain by a hobgoblin

Levels and vault maps discovered:
D:1:      dpeg_arrival_fog, layout_loops_cross, minmay_tromino_i4
D:2:      layout_basic, chequers_ecumenical_altar_lobes
D:3:      layout_basic, nicolae_qazlal_style_of_elements,
          mainiacjoe_overflow_paths, serial_shops, nicolae_shop_scrapyard,
          nrook_uturn
D:4:      layout_layer_cave, minmay_temple_entry_junction_2, uniq_ijyb,
          uniq_eustachio, uniq_robin, uniq_edmund

Skill      XL: |  1  2  3  4 |
---------------+-------------+-----
Ranged Weapons | 6 7 8 |  8.1
Fighting       | |  1.5
Dodging        | |  2.4
Stealth        | |  1.2

Action                     |  1- 3 |  4- 6 || total
---------------------------+-------+-------++-------
   Fire: Shortbow          |   113 |    38 ||   151
    Use: Scroll            |     8 |     1 ||     9
         Potion            |       |     1 ||     1
 Armour: Leather armour    |    14 |       ||    14
         Scale mail        |       |     2 ||     2
  Dodge: Dodged            |    27 |    12 ||    39

Table legend:
 A = Non-vault XP
 B = Vault XP
 C = Vault XP percentage of total XP
 D = Non-vault monster count
 E = Vault monster count
 F = Vault count percentage of total count
                 A         B        C        D         E       F
            +---------+---------+-------+---------+---------+-------
      Total |     161 |       1 |   0.6 |      52 |       1 |   1.9
            +---------+---------+-------+---------+---------+-------
        D:1 |      30 |       1 |   3.2 |      16 |       1 |   5.9
        D:2 |      43 |       0 |   0.0 |      20 |       0 |   0.0
        D:3 |      33 |       0 |   0.0 |      11 |       0 |   0.0
        D:4 |      55 |       0 |   0.0 |       5 |       0 |   0.0
            +---------+---------+-------+---------+---------+-------
